 Dungeon Crawl Stone Soup version 0.21.1-68-g103a7afc0a (webtiles) character file.

51969 IceCat the Basher (level 14, -1/92 HPs)
             Began as a Gargoyle Fighter on Aug 2, 2018.
             Was the Champion of Okawaru.
             Engulfed by a ghost crab's spectral mist (11 damage)
             ... on level 1 of the Swamp.
             The game lasted 01:32:42 (18658 turns).

IceCat the Basher (Gargoyle Fighter)               Turns: 18658, Time: 01:32:43

Health: -1/92      AC: 32    Str: 27    XL:     14   Next: 62%
Magic:  18/18      EV: 13    Int: 10    God:    Okawaru [******]
Gold:   1288       SH: 13    Dex:  9    Spells: 13/13 levels left

rFire    . . .     SeeInvis .   E - +3 flail (freeze)
rCold    . . .     Gourm    .   c - +0 shield
rNeg     + + .     Faith    +   L - +0 pearl dragon scales
rPois    ∞         Spirit   .   J - +2 hat
rElec    +         Reflect  .   S - scarf {repulsion}
rCorr    .         Harm     .   U - +1 pair of gloves {Str+3}
MR       +....                  K - +2 pair of boots {run}
Stlth    ..........             I - amulet of faith
HPRegen  0.25/turn              h - +3 ring of evasion
MPRegen  0.16/turn              (no ring)

@: about to teleport, flying, very slightly contaminated, slowed, repel
missiles, very slow
A: big wings, negative energy resistance 1, electricity resistance, unbreathing,
petrification resistance, rot immunity, AC +10
a: Stop Flying, Heroism, Finesse, Renounce Religion


You were on level 1 of the Swamp.
You worshipped Okawaru.
Okawaru was exalted by your worship.
You were hungry.

You visited 4 branches of the dungeon, and saw 18 of its levels.

You collected 1288 gold pieces.

Inventory:

Hand Weapons
 q - a +4 flail
 u - a +2 mace of holy wrath
 E - a +3 flail of freezing (weapon)
Armour
 c - a +0 shield (worn)
 r - a +0 hat of see invisible
 J - a +2 hat (worn)
 K - a +2 pair of boots of running (worn)
 L - +0 pearl dragon scales (worn)
 M - a +2 buckler of protection
 S - a scarf of repulsion (worn)
 U - a +1 pair of gloves of strength (worn)
Jewellery
 h - a +3 ring of evasion (left hand)
 I - an amulet of faith (around neck)
Wands
 a - a wand of digging (14)
 x - a wand of disintegration (9)
 y - a wand of enslavement (18)
 D - a wand of flame (46)
 R - a wand of paralysis (14)
Scrolls
 g - 3 scrolls of magic mapping
 k - 4 scrolls of teleportation
 n - 2 scrolls of fog
 o - 13 scrolls of remove curse
 s - a scroll of enchant weapon {unknown}
 A - 3 scrolls of fear
 G - 4 scrolls of amnesia
 H - a scroll of noise
 N - a scroll of torment {unknown}
 P - 6 scrolls of identify
 W - a scroll of enchant armour {unknown}
Potions
 b - a potion of resistance {unknown}
 d - 2 potions of might
 e - 2 potions of ambrosia
 i - 7 potions of curing
 l - 3 potions of magic
 m - 3 potions of agility
 p - a potion of lignification
 t - 3 potions of berserk rage {unknown}
 v - 3 potions of brilliance
 w - 2 potions of cancellation {unknown}
 z - 5 potions of flight {unknown}
 B - a potion of mutation
 F - 2 potions of haste
Books
 T - a book of Dreams

   Spells                             Type                      Level
   a - Ensorcelled Hibernation        Hexes/Ice                    2
   b - Borgnjor's Vile Clutch         Necromancy/Earth             5
   c - Silence                        Hexes/Air                    5
   d - Darkness                       Hexes                        6
   e - Shadow Creatures               Summoning                    6
Miscellaneous
 O - a phial of floods
 Q - a phial of floods
Comestibles
 f - 33 rations
 V - 3 chunks of flesh


   Skills:
 * Level 12.1 Fighting
 + Level 14.9 Maces & Flails
 + Level 9.4 Armour
 - Level 1.3 Dodging
 - Level 0.4 Stealth
 * Level 13.5 Shields
 - Level 6.5 Invocations
 * Level 5.4 Evocations


You had 13 spell levels left.
You didn't know any spells.

Dungeon Overview and Level Annotations

Branches:
Dungeon (10/15)            Temple (1/1) D:5            Lair (6/6) D:9
  Swamp (1/4) Lair:4       Spider (0/4) Lair:3        Slime (0/5) Lair:5
    Orc: D:9-12

Altars:
Ashenzari
Cheibriados
Dithmenos
Elyvilon
Fedhas
Gozag
Hepliaklqana
Kikubaaqudgha
Makhleb
Nemelex Xobeh
Okawaru
Qazlal
Ru
Sif Muna
Trog
Uskayaw
Vehumet
Wu Jian
Xom
Yredelemnul
Zin
The Shining One
Jiyva
Lugonu

Shops:
D:5 (   D:7 =


Innate Abilities, Weirdness & Mutations

You are resistant to torment.
Your stone body is resilient. (AC +10)
You are immune to poison.
Your large and strong wings let you fly indefinitely.
You resist negative energy. (rN+)
You are resistant to electric shocks. (rElec)
You can survive without breathing.
You are immune to petrification.
You are immune to rotting.


Message History

You block the spectral spiny frog's attack.
You block the spectral spiny frog's attack.
You are feeling hungry.
The ghost crab breathes spectral mist at you.
The spectral mist engulfs the spectral spiny frog.
You block the spectral spiny frog's attack.
The spectral spiny frog fades away!
The spectral tyrant leech fades away!
The ghost crab breathes spectral mist at you.
The spectral mist engulfs you!
You are engulfed in spectral mist.
* * * LOW HITPOINT WARNING * * *
You feel better.
The spectral alligator fades away!
The ghost crab breathes spectral mist at you.
The spectral mist engulfs you!
Okay, then.
As you read the scroll of teleportation, it crumbles to dust.
You feel strangely unstable.
You are engulfed in spectral mist.
You die...

♣♣..♣.≈≈≈≈≈...♣§♣≈♣♣...≈≈.≈♣♣♣≈.≈
♣..♣♣♣♣.♣.≈.≈≈...≈♣♣♣♣≈♣≈≈≈..♣≈≈≈
♣.♣♣ ♣≈≈♣≈..≈≈.≈.♣♣♣♣♣♣♣.≈≈.§.≈≈
≈.♣ ♣.≈≈≈≈.≈≈.♣.♣♣≈♣♣♣♣.≈≈≈≈...
..♣♣ ♣♣≈§≈≈.≈≈≈..♣≈≈≈♣≈♣..≈≈.≈≈.
.Z.♣ ♣.≈≈§≈tZ..≈♣≈≈≈≈≈≈≈..≈≈≈..
§.♣♣ ♣≈§§♣♣♣§§§§♣≈≈≈≈≈♣♣♣.≈≈..≈
♣.§♣ ♣§§.♣ ♣♣§§≈♣♣≈≈≈♣♣ ♣.♣.≈.≈
♣♣t♣♣♣♣♣§§Z♣ ♣♣@§§♣♣≈♣♣ ♣♣...≈.♣
♣♣...♣♣§§§§♣ ♣§§§.≈.♣ ♣...♣≈..
.§♣...§t.♣§♣ ♣♣§§≈..♣♣ ♣...≈...
≈.§≈≈♣≈≈.♣.♣ ♣.≈.≈..♣♣♣..≈≈♣≈≈
.♣♣.§≈≈≈.♣.♣ ♣.≈♣≈≈..♣.....≈≈.
♣♣♣♣.....≈.♣ ♣....≈.>...≈♣♣≈≈≈ ♣♣
♣♣..≈≈≈§♣ ♣.♣♣♣♣.[.♣≈≈♣♣♣.≈ .♣
♣♣..♣.≈♣ ♣.♣ ♣♣♣.≈≈.♣ ♣.≈ .♣♣
♣.♣♣≈.♣ ♣♣[♣ ♣....♣ ♣.≈


You could see a ghost crab and a spectral tyrant leech.

Vanquished Creatures
  Gastronok (D:8)
  The ghost of Tinylith the Carver, a journeyman MiBe of Trog (D:10)
  Erica (D:8)
  8 hydras
  2 death yaks (Lair:4)
  Nergalle (Lair:2)
  A fire crab (Lair:6)
  2 swamp dragons (Swamp:1)
  The ghost of IceCat the Basher, a novice GrFi (D:6)
  3 oklob plants (Lair:5)
  Joseph (D:8)
  3 black mambas
  Psyche (D:8)
  A gargoyle (D:9)
  5 torpor snails
  11 spiny frogs
  A rime drake (Lair:2)
  6 komodo dragons
  5 polar bears
  A tyrant leech (Swamp:1)
  8 hornets
  3 slime creatures (Swamp:1)
  15 blink frogs
  5 dream sheep (Lair:6)
  12 hippogriffs
  2 bog bodies (Swamp:1)
  14 spriggans
  A wraith (D:10)
  A vampire (D:9)
  3 wyverns
  24 yaks
  6 vampire mosquitoes
  5 swamp worms
  8 insubstantial wisps
  Edmund (D:3)
  Duvessa (D:4)
  7 water moccasins
  8 porcupines
  2 ice beasts
  A hornet zombie (D:8)
  4 orc warriors
  A swamp drake (Lair:4)
  5 black bears
  A sky beast (D:10)
  2 phantoms
  A necrophage (D:9)
  4 ogres
  5 boggarts (Lair:6)
  6 centaurs
  8 crocodiles
  28 wolves
  3 big kobolds
  A water moccasin zombie (D:5)
  13 bullfrogs
  A gnoll sergeant (D:9)
  Dowan (D:4)
  5 scorpions
  A water moccasin skeleton (D:4)
  12 wights
  A howler monkey (D:10)
  2 electric eels
  6 bullfrog zombies
  4 crimson imps
  4 centaur zombies
  5 hounds
  A quasit (D:8)
  3 jellies
  A bullfrog skeleton (D:5)
  3 orc priests
  4 iguanas
  14 orc wizards
  5 worker ants
  A hound zombie (D:10)
  2 hound skeletons
  2 howler monkey zombies
  A worker ant zombie (D:5)
  A howler monkey skeleton (D:5)
  13 adders
  14 gnolls
  2 shadow imps (D:9)
  4 oozes
  An adder zombie (D:5)
  5 adder skeletons
  8 worms
  A dart slug (D:1)
  5 leopard geckos
  44 orcs
  6 bats
  9 giant cockroaches
  6 goblins
  4 hobgoblins
  14 jackals
  16 kobolds
  3 quokkas
  3 ball pythons
  8 frilled lizards
  2 goblin skeletons (D:8)
  A goblin zombie (D:8)
  4 hobgoblin zombies (D:8)
  A kobold zombie (D:8)
  2 orc skeletons (D:8)
  An orc zombie (D:8)
  4 quokka zombies
  8 rats
  A plant (Lair:2)
535 creatures vanquished.

Vanquished Creatures (collateral kills)
  An oklob plant (Lair:5)
1 creature vanquished.

Vanquished Creatures (others)
  A hydra (Swamp:1)
  A swamp worm (Swamp:1)
  A fungus (Lair:4)
  4 plants (Lair:5)
7 creatures vanquished.

Grand Total: 543 creatures vanquished

Notes
Turn   | Place    | Note
-------+----------+-------------------------------------------
     0 | D:1      | IceCat the Gargoyle Fighter began the quest for the Orb.
     0 | D:1      | Reached XP level 1. HP: 14/14 MP: 1/1
    74 | D:1      | Reached XP level 2. HP: 18/19 MP: 2/2
   958 | D:2      | Found a shadowy altar of Dithmenos.
   969 | D:2      | Reached XP level 3. HP: 22/23 MP: 3/3
  1091 | D:2      | Reached XP level 4. HP: 22/28 MP: 4/4
  1143 | D:2      | Found an iron altar of Okawaru.
  1154 | D:2      | Reached skill level 1 in Dodging
  1278 | D:2      | Reached skill level 3 in Maces & Flails
  1795 | D:3      | Reached XP level 5. HP: 33/33 MP: 5/5
  2247 | D:3      | Found a white marble altar of Elyvilon.
  2281 | D:3      | Reached XP level 6. HP: 21/38 MP: 6/6
  2339 | D:3      | Reached skill level 4 in Maces & Flails
  3064 | D:4      | Noticed Duvessa
  3065 | D:4      | Noticed Dowan
  3071 | D:4      | Killed Duvessa
  3071 | D:4      | Reached skill level 5 in Maces & Flails
  3071 | D:4      | Reached XP level 7. HP: 40/43 MP: 7/7
  3076 | D:4      | Killed Dowan
  3100 | D:4      | Noticed Edmund
  3130 | D:3      | Killed Edmund
  3130 | D:3      | Reached skill level 5 in Shields
  3556 | D:5      | Entered Level 5 of the Dungeon
  3577 | D:5      | Found a basalt altar of Yredelemnul.
  3600 | D:5      | Reached skill level 6 in Maces & Flails
  3600 | D:5      | Reached skill level 5 in Armour
  3611 | D:5      | Reached XP level 8. HP: 48/48 MP: 8/8
  3724 | D:5      | Reached skill level 7 in Maces & Flails
  3764 | D:5      | Found a staircase to the Ecumenical Temple.
  3771 | Temple   | Entered the Ecumenical Temple
  3787 | Temple   | Became a worshipper of Warmaster Okawaru
  4037 | D:5      | Found a blossoming altar of Fedhas.
  4340 | D:5      | Found Osutoer's Weapon Emporium.
  4478 | D:5      | Reached skill level 8 in Maces & Flails
  4617 | D:6      | Reached * piety under Okawaru
  4667 | D:6      | Reached XP level 9. HP: 49/53 MP: 9/9
  4680 | D:6      | Found a shimmering altar of Xom.
  4719 | D:6      | Reached skill level 5 in Fighting
  4732 | D:6      | Noticed IceCat's ghost (novice GrFi)
  4735 | D:6      | Reached skill level 9 in Maces & Flails
  4753 | D:6      | Killed IceCat's ghost
  4763 | D:6      | Found a glowing silver altar of Zin.
  4899 | D:6      | Reached ** piety under Okawaru
  4899 | D:6      | Reached skill level 10 in Maces & Flails
  4943 | D:6      | Found a sacrificial altar of Ru.
  4944 | D:6      | Found an ancient bone altar of Kikubaaqudgha.
  5623 | D:7      | Found Gatwuxegis's Jewellery Emporium.
  6287 | D:8      | Reached XP level 10. HP: 36/60 MP: 10/10
  6425 | D:8      | Noticed Psyche
  6435 | D:8      | Killed Psyche
  6435 | D:8      | Reached skill level 11 in Maces & Flails
  6435 | D:8      | Reached skill level 1 in Invocations
  6582 | D:8      | Reached *** piety under Okawaru
  6666 | D:8      | Noticed Gastronok
  6697 | D:8      | Killed Gastronok
  6697 | D:8      | Reached **** piety under Okawaru
  6697 | D:8      | Received a gift from Okawaru
  6698 | D:8      | Noticed Joseph
  6728 | D:8      | Killed Joseph
  6728 | D:8      | Reached skill level 12 in Maces & Flails
  7116 | D:8      | Noticed Erica
  7137 | D:8      | Killed Erica
  7137 | D:8      | Reached ***** piety under Okawaru
  7137 | D:8      | Reached XP level 11. HP: 56/66 MP: 13/13
  7183 | D:8      | Found a glowing golden altar of the Shining One.
  7753 | D:9      | Found a stormy altar of Qazlal.
  7754 | D:9      | Found a snail-covered altar of Cheibriados.
  7754 | D:9      | Found a hazy altar of Hepliaklqana.
  7754 | D:9      | Found a bloodstained altar of Trog.
  7966 | D:9      | Reached ****** piety under Okawaru
  7966 | D:9      | Reached skill level 13 in Maces & Flails
  8363 | D:9      | Found a staircase to the Lair.
  8516 | D:10     | Entered Level 10 of the Dungeon
  8580 | D:10     | Received a gift from Okawaru
  8597 | D:10     | Identified a +2 pair of boots of running (Okawaru gifted it to you on level 10 of the Dungeon)
  8929 | D:10     | Noticed Tinylith's ghost (journeyman MiBe)
  9537 | D:10     | Reached skill level 5 in Invocations
 10302 | D:10     | Killed Tinylith's ghost
 10586 | Lair:1   | Entered Level 1 of the Lair of Beasts
 10825 | Lair:1   | Reached XP level 12. HP: 73/73 MP: 16/16
 11233 | Lair:1   | Reached skill level 14 in Maces & Flails
 11649 | Lair:2   | Noticed Nergalle
 11687 | Lair:2   | Killed Nergalle
 11728 | Lair:2   | Reached skill level 1 in Evocations
 11743 | Lair:2   | Received a gift from Okawaru
 11768 | Lair:2   | Got an ancient robe {god gift}
 11795 | Lair:2   | Identified the +1 robe of Apathy {MR+} (Okawaru gifted it to you on level 2 of the Lair of Beasts)
 12456 | Lair:3   | Found a snail-covered altar of Cheibriados.
 12580 | Lair:3   | Reached skill level 10 in Shields
 12610 | Lair:3   | Found a hole to the Spider Nest.
 13156 | Lair:4   | Found the +8 demon blade "Bloodbane" {slice, *Rage +Rage Stlth-}
 13178 | Lair:4   | Noticed an eight-headed hydra
 13183 | Lair:4   | Killed an eight-headed hydra
 13228 | Lair:4   | Reached XP level 13. HP: 71/80 MP: 17/17
 13412 | Lair:4   | Found a staircase to the Swamp.
 13686 | Lair:4   | Reached skill level 10 in Fighting
 13720 | Lair:4   | Received a gift from Okawaru
 14582 | Lair:5   | Found a viscous altar of Jiyva.
 14582 | Lair:5   | Found a staircase to the Slime Pits.
 15643 | Lair:6   | Entered Level 6 of the Lair of Beasts
 15976 | Lair:6   | Received a gift from Okawaru
 16254 | Lair:6   | Gained mutation: Your large and strong wings let you fly indefinitely. [Gargoyle growth]
 16254 | Lair:6   | Reached XP level 14. HP: 63/90 MP: 18/18
 16448 | Lair:6   | Reached skill level 5 in Evocations
 16667 | Lair:6   | Received a gift from Okawaru
 17340 | Swamp:1  | Entered Level 1 of the Swamp
 18652 | Swamp:1  | HP: 2/92 [something] (5)]
 18658 | Swamp:1  | Engulfed by a ghost crab's spectral mist

Skill      XL: |  1  2  3  4  5  6  7  8  9 10 11 12 13 14 |
---------------+-------------------------------------------+-----
Dodging        | 1 |  1.3
Maces & Flails | 3 5 6 8 10 12 13 14 | 14.9
Armour         | 4 5 6 7 8 9 |  9.4
Shields        | 4 5 6 7 8 10 12 13 | 13.5
Fighting       | 4 5 6 7 9 11 12 | 12.1
Invocations    | 3 5 6 |  6.5
Evocations     | 2 4 5 |  5.4
Stealth        | |  0.4

Action                   |  1- 3 |  4- 6 |  7- 9 | 10-12 | 13-15 || total
-------------------------+-------+-------+-------+-------+-------++-------
Melee: Flail             |   111 |   336 |   405 |   964 |   989 ||  2805
       Mace              |       |       |       |    77 |       ||    77
Invok: Heroism           |       |       |       |     2 |       ||     2
       Finesse           |       |       |       |     1 |     1 ||     2
 Abil: Fly               |       |       |       |       |     1 ||     1
Evoke: Wand              |       |       |       |       |    16 ||    16
       Phial of floods   |       |       |       |       |     1 ||     1
  Use: Potion            |       |     1 |     2 |     3 |     3 ||     9
       Scroll            |       |       |       |    17 |     4 ||    21
 Stab: Confused          |       |       |       |       |     1 ||     1
  Eat: Chunk             |     1 |     7 |    10 |    23 |    18 ||    59
Armor: Scale mail        |    70 |   163 |     8 |       |       ||   241
       Ring mail         |       |       |   141 |       |       ||   141
       Chain mail        |       |       |    13 |   177 |       ||   190
       Pearl dragon scal |       |       |       |   180 |   553 ||   733
Dodge: Dodged            |    44 |   108 |   100 |   192 |   343 ||   787
       Deflected         |       |       |       |       |     1 ||     1
Block: Shield            |    82 |   177 |   193 |   398 |   578 ||  1428
